 Dungeon Crawl Stone Soup version 0.32-a0-768-g0f6f1dd4b9 (webtiles) character file.

Game seed: 18363465486753041181

14 ForkInBrain the Cutter (level 2, -9/16 HPs)
             Began as a Spriggan Chaos Knight on Mar 18, 2024.
             Was a Plaything of Xom.
             Mangled by a tengu (13 damage)
             ... on level 1 of the Dungeon.
             The game lasted 00:01:51 (866 turns).

ForkInBrain the Cutter (Spriggan Chaos Knight)       Turns: 866, Time: 00:01:52

Health: -9/16      AC:  4    Str:  8    XL:     2   Next: 31%
Magic:  3/3        EV: 16    Int: 13    God:    Xom [*.....]
Gold:   0          SH:  0    Dex: 14    Spells: 1/1 levels left

rFire   . . .        a - +0 short sword (chaos)
rCold   . . .        (no shield)
rNeg    . . .        g - +2 robe
rPois   .            (helmet restricted)
rElec   .            (no cloak)
rCorr   .            (gloves unavailable)
SInv    +            (boots unavailable)
Will    .....        (no amulet)
Stlth   ++           (no ring)
HPRegen 0.22/turn    (no ring)
MPRegen 0.08/turn

%: no passive effects
@: very quick
A: very small, no large weapons, unfitting armour, see invisible, speed 3
a: Renounce Religion


You were on level 1 of the Dungeon.
You worshipped Xom.
You were a special plaything of Xom.
You visited 1 branch of the dungeon, and saw 1 of its levels.

Inventory:

Hand Weapons
 a - a +0 short sword of chaos (weapon)
 b - a +1 quarterstaff of draining
Armour
 g - a +2 robe (worn)
Scrolls
 c - a scroll of butterflies
 e - a scroll of teleportation {unknown}
 f - a scroll of identify {unknown}
Potions
 d - 2 potions of mutation {unknown}


   Skills:
 + Level 2.6 Fighting
 + Level 3.5 Short Blades
 + Level 3.5 Dodging
 + Level 1.4 Stealth


You had one spell level left.
You didn't know any spells.
Your spell library was empty.

Dungeon Overview and Level Annotations

Branches:
Dungeon (1/15)

Altars:


Innate Abilities, Weirdness & Mutations

You are very small and have problems with some larger weapons.
You are too small for most types of armour.
You have supernaturally acute eyesight. (SInv)
You cover ground extremely quickly. (Speed+++)


Message History

You see here a +1 quarterstaff of draining.
g - a +1 quarterstaff of draining Adjust to which letter? (? for menu, Esc to quit)
b - a +1 quarterstaff of draining;
g - a +2 robe (worn)
You almost hear Xom's maniacal laughter.
Your +1 quarterstaff of draining briefly vibrates.
You are now a special plaything of Xom.
You open the door.
There is an open door here.
You open the door.
There is an open door here.
A bat comes into view.
You see here a +0 leather armour.
You hit the bat.
The bat evaporates and reforms as a tengu!
Xom is interested.
The tengu is moderately wounded.
The tengu barely misses you. The tengu pecks you.
* * * LOW HITPOINT WARNING * * *
The tengu misses you.
You are too injured to fight recklessly!
You are too injured to fight recklessly!
You are too injured to fight recklessly!
You hit the tengu but do no damage.
The tengu seems to grow stronger.
Xom is amused.
The tengu is moderately wounded.
You hit the tengu.
The tengu convulses.
The tengu is severely wounded.
The tengu hits you.
* * * LOW HITPOINT WARNING * * *
The tengu pecks you.
* * * LOW HITPOINT WARNING * * *
The tengu claws you.
* * * LOW HITPOINT WARNING * * *
You hit the tengu.
The tengu is poisoned.
The tengu is severely wounded.
The tengu hits you!
Ouch! That really hurt!
You die...
Xom titters!

#### #.#.#.#...#..... ...# ...
#.#.#.#.###.#### ...# ..
#.#.#...#....... )..########
..##...#.###.#####. ...'.......
..###.#.#...#)..#. ...##########
..#.#.#.#.###.#.## ............#
#.#.#...#.....#... ###########.#
#Q#.###(###.<.###. ...########.#
#@#...#...#.....#.
..........#.####[###.###.#.###.#.
..........#......#.#...#...#...#.
..#.......########.###.#####.###.
..#.......'......#...........#...
..#....รท..######.#########.###.#.
########'#.....#...........#...#.
#.#)......######.####.###.
#.#.....###......#....#...


You could see a tengu (strong, very poisoned).

Vanquished Creatures
  A dart slug (D:1)
  A ball python (D:1)
  An endoplasm (D:1)
  A giant cockroach (D:1)
  2 jackals (D:1)
  2 kobolds (D:1)
  A quokka (D:1)
  A goblin (D:1)
10 creatures vanquished.

Notes
Turn   | Place    | Note
-------+----------+-------------------------------------------
     0 | D:1      | ForkInBrain the Spriggan Chaos Knight began the quest for
                  | the Orb.
     0 | D:1      | Reached XP level 1. HP: 11/11 MP: 2/2
   211 | D:1      | Reached skill level 1 in Stealth
   219 | D:1      | Reached XP level 2. HP: 16/16 MP: 3/3
   804 | D:1      | XOM is BORED!
   804 | D:1      | XOM: silly message
   863 | D:1      | a bat changed into a tengu
   863 | D:1      | Noticed a tengu
   866 | D:1      | Mangled by a tengu

Illustrated notes

Levels and vault maps discovered:
D:1:      psy_arrival_radial02, layout_basic

Skill      XL: |  1 |
---------------+----+-----
Stealth        | 1 |  1.4
Fighting       | |  2.6
Short Blades   | |  3.5
Dodging        | |  3.5

Action                     || total
---------------------------++-------
  Melee: Short sword       ||    33
 Armour: Robe              ||    14
  Dodge: Dodged            ||    15

Table legend: (Time is in decaauts)
 A = Elapsed time spent in this place.
 B = Non-inter-level travel time spent in this place.
 C = Inter-level travel time spent in this place.
 D = Time resting spent in this place.
 E = Time spent auto-exploring this place.
 F = Levels seen in this place.
 G = Mean time per level.
                   A        B        C        D        E       F      G
               +--------+--------+--------+--------+--------+-----+--------+
         Total |    551 |    551 |      0 |      0 |    465 |   1 |  551.0 |
       Dungeon |    551 |    551 |      0 |      0 |    465 |   1 |  551.0 |
               +--------+--------+--------+--------+--------+-----+--------+

Top non-repeatable levels by time:
     D:1: 551 daAuts
